 Dungeon Crawl Stone Soup version 0.30.1-3-gfc49f6343a (webtiles) character file.

Game seed: 11815451082821650966

61 Bronimir the Slasher (level 4, -3/28 (34) HPs)
             Began as a Djinni Gladiator on July 29, 2023.
             Frozen to death by an endoplasm (6 damage)
             ... on level 3 of the Dungeon.
             The game lasted 00:02:49 (1485 turns).

Bronimir the Slasher (Djinni Gladiator)             Turns: 1485, Time: 00:02:50

HP:   -3/28 (34)    AC:  6    Str: 15    XL:     4   Next: 27%
Gold: 82            EV: 12    Int: 10    God:
                    SH:  0    Dex: 14

rFire   + + .        a - +0 long sword
rCold   x . .        (no shield)
rNeg    + . .        g - +0 ring mail
rPois   ∞            k - +0 helmet
rElec   .            (no cloak)
rCorr   .            (no gloves)
SInv    .            (boots unavailable)
Will    .....        (no amulet)
Stlth   +            l - ring of positive energy
HPRegen 0.24/turn    (no ring)
MPRegen 0.00/turn

%: infuse magic (-4 HP)
@: mighty, flying, heavily drained
A: sickness immunity, fire resistance 2, cold vulnerability 1, float, innate
caster, HP casting, extra vitality 1
a: no special abilities


You were on level 3 of the Dungeon.
You visited 1 branch of the dungeon, and saw 3 of its levels.

You collected 82 gold pieces.

Inventory:

Hand Weapons
 a - a +0 long sword (weapon)
 b - a +0 sling
Missiles
 d - 3 throwing nets
 e - a javelin
Armour
 c - a +0 helmet
 f - a +0 leather armour
 g - a +0 ring mail (worn)
 k - a +0 helmet (worn)
Jewellery
 l - a ring of positive energy (left hand)
Scrolls
 h - a scroll of enchant armour {unknown}
 i - a scroll of teleportation {unknown}
 j - 2 scrolls of identify {unknown}
 m - a scroll of noise {unknown}
 o - a scroll of vulnerability {unknown}


   Skills:
 + Level 2.4 Fighting
 * Level 3.8 Long Blades
 + Level 1.5 Throwing
 + Level 0.2 Armour
 * Level 3.6 Dodging


You knew the following spells:

 Your Spells              Type           Power      Damage    Failure   Level
a - Kiss of Death         Conj/Necr      0%         2d5       58%         1
Your spell library was empty.

Dungeon Overview and Level Annotations

Branches:
Dungeon (2/15)

Altars:


Innate Abilities, Weirdness & Mutations

You are immune to sickness and miasma.
You are immune to poison.
Your flesh is very heat resistant. (rF++)
You are vulnerable to cold. (rC-)
You float through the air rather than walking.
You learn spells naturally, not from books.
Your magical power is your life essence.
You have superior vitality. (+4 MHP)


Message History

The gnoll is heavily wounded.
The endoplasm quivers.
The gnoll completely misses you. The gnoll closely misses you.
The gnoll hits you but does no damage. The gnoll misses you.
You hit the gnoll.
The gnoll is severely wounded.
The gnoll closely misses you. The gnoll hits you but does no damage.
You slash the gnoll!
You kill the gnoll!
The gnoll completely misses you. The gnoll barely misses you.
A gnoll comes into view. It is wielding a +0 spear.
You see here a +0 whip.
You barely miss the gnoll.
The gnoll shouts!
The gnoll hits you with a +0 spear.
You barely miss the gnoll. The gnoll hits you with a +0 spear.
The endoplasm freezes you.
You are frozen!
You feel a terrible chill!
* * * LOW HITPOINT WARNING * * *
The endoplasm hits you but does no damage.
The gnoll misses you.
The gnoll hits you from afar with a +0 spear.
* * * LOW HITPOINT WARNING * * *
Casting: Kiss of Death (safe; 58% risk of failure)
Confirm with . or Enter, or press ? or * to list all spells.
Aiming: Kiss of Death (safe; 58% risk of failure)
Press: ? - help, Shift-Dir - straight line, f - gnoll
Aim: a gnoll, wielding a +0 spear (100% to hit)
The negative energy hits the gnoll.
The gnoll is drained!
The gnoll is severely wounded.
You feel drained.
* * * LOW HITPOINT WARNING * * *
The endoplasm closely misses you. The gnoll misses you.
The gnoll closely misses you.
It was a potion of might.
You feel very mighty all of a sudden. The endoplasm freezes you.
You are frozen.
You feel a terrible chill!
You die...

####.......#
...........#
.........+
#.......#
..##.......#
#.##..†....#
#.####'#'### #.#
#.#J# #.# #.#@# #+
#.# #.#g# #.###
#.####.#g#
#...#####.#....#.#
...............#..
###..####.#.##.###
..........#.##.#
####..#####.##.#
##.#####.##.#


You could see 2 gnolls and an endoplasm.

Vanquished Creatures
  A gnoll (D:3)
  An adder (D:2)
  A dart slug (D:1)
  6 bats
  4 endoplasms (D:1)
  3 giant cockroaches (D:1)
  3 goblins (D:1)
  4 hobgoblins (D:1)
  3 jackals (D:2)
  3 quokkas
  2 frilled lizards (D:1)
  2 kobolds (D:1)
  2 rats (D:1)
35 creatures vanquished.

Notes
Turn   | Place    | Note
-------+----------+-------------------------------------------
     0 | D:1      | Bronimir the Djinni Gladiator began the quest for the Orb.
     0 | D:1      | Reached XP level 1. HP: 18/18 MP: 0/0
   133 | D:1      | Reached XP level 2. HP: 23/23 MP: 0/0
   599 | D:1      | Reached XP level 3. HP: 29/29 MP: 0/0
   599 | D:1      | Learned a level 1 spell: Kiss of Death
  1410 | D:2      | You are sucked into a shaft and drop 1 floor!
  1442 | D:3      | Reached XP level 4. HP: 33/34 MP: 0/0
  1485 | D:3      | Frozen to death by an endoplasm

Illustrated notes

Levels and vault maps discovered:
D:1:      dpeg_arrival_oval, layout_basic
D:2:      layout_basic, uniq_jessica
D:3:      layout_basic, shapermc_ecumenical_altar_mp_ritualfount,
          dreamdust_wishing_well, nrook_mini_backslash

Skill      XL: |  1 |
---------------+----+-----
Long Blades    | 3 |  3.8
Fighting       | |  2.4
Throwing       | |  1.5
Armour         | |  0.2
Dodging        | |  3.6

Action                     |  1- 3 |  4- 6 || total
---------------------------+-------+-------++-------
  Melee: Long sword        |    71 |    20 ||    91
   Cast: Kiss of Death     |       |     1 ||     1
    Use: Potion            |       |     1 ||     1
   Stab: Sleeping          |     1 |       ||     1
 Armour: Leather armour    |     7 |       ||     7
         Ring mail         |    23 |    10 ||    33
  Dodge: Dodged            |    53 |    25 ||    78
